 Dungeon Crawl Stone Soup version 0.26.0-16-gc1dbca0489 (webtiles) character file.

Game seed: 10251909469792044370

81 leafyfresh the Magician (level 4, 0/32 HPs)
             Began as a Gnoll Hedge Wizard on Jan 18, 2021.
             Slain by an orc
             ... wielding a +0 mace
              (8 damage)
             ... on level 3 of the Dungeon.
             The game lasted 00:06:13 (3712 turns).

leafyfresh the Magician (Gnoll Hedge Wizard)        Turns: 3712, Time: 00:06:14

Health: 0/32       AC:  2    Str: 13    XL:     4   Next: 40%
Magic:  2/13       EV: 14    Int: 17    God:
Gold:   79         SH:  0    Dex: 14    Spells: 16/17 levels left

rFire    . . .     SeeInvis .   a - +1 dagger
rCold    . . .     Faith    .   (no shield)
rNeg     . . .     Spirit   .   b - +0 robe
rPois    .         Reflect  .   c - +0 hat
rElec    .         Harm     .   (no cloak)
rCorr    .         Rampage  .   (no gloves)
Will     .....                  (no boots)
Stlth    +++.......             (no amulet)
HPRegen  0.10/turn              (no ring)
MPRegen  0.13/turn              (no ring)

@: no status effects
A: distributed training, fangs 1, strong nose
a: no special abilities


You were on level 3 of the Dungeon.
You visited 1 branch of the dungeon, and saw 3 of its levels.

You collected 79 gold pieces.

Inventory:

Hand Weapons
 a - a +1 dagger (weapon)
Missiles
 i - 32 sling bullets
Armour
 b - a +0 robe (worn)
 c - a +0 hat (worn)
Scrolls
 d - a scroll of remove curse
 f - a scroll of blinking {unknown}
Potions
 e - a potion of attraction {unknown}
 g - 2 potions of curing


   Skills:
 + Level 1.1 Fighting
 + Level 1.1 Short Blades
 + Level 1.1 Long Blades
 + Level 1.1 Axes
 + Level 1.1 Maces & Flails
 + Level 1.1 Polearms
 + Level 1.1 Staves
 + Level 1.1 Slings
 + Level 1.1 Bows
 + Level 1.1 Crossbows
 + Level 1.1 Throwing
 + Level 1.1 Armour
 + Level 4.6 Dodging
 + Level 4.2 Stealth
 + Level 1.1 Shields
 + Level 1.1 Unarmed Combat
 + Level 7.2 Spellcasting
 + Level 2.2 Conjurations
 + Level 0.9 Hexes
 + Level 2.2 Summonings
 + Level 0.9 Necromancy
 + Level 2.2 Translocations
 + Level 0.9 Transmutations
 + Level 0.9 Fire Magic
 + Level 0.9 Ice Magic
 + Level 0.9 Air Magic
 + Level 0.9 Earth Magic
 + Level 0.9 Poison Magic
 + Level 1.2 Invocations
 + Level 1.1 Evocations


You had 16 spell levels left.
You knew the following spells:

 Your Spells              Type           Power        Failure   Level
a - Magic Dart            Conj           52%          4%          1

Your spell library contained the following spells:

 Spells                   Type           Power        Failure   Level
 Blink                    Tloc           N/A          7%          2
 Call Imp                 Summ           13%          7%          2
 Slow                     Hex            9%           12%         2
 Conjure Flame            Conj/Fire      11%          19%         3
 Mephitic Cloud           Conj/Pois/Air  10%          19%         3


Dungeon Overview and Level Annotations

Branches:
Dungeon (3/15)

Altars:

Annotations:
D:3 Robin


Innate Abilities, Weirdness & Mutations

Your experience applies equally to all skills.
You have very sharp teeth.
Your uncanny sense of smell can sniff out nearby items.


Message History

The orc is severely wounded.
You barely miss the orc.
The orc is severely wounded.
The orc hits you with a +0 mace.
You closely miss the orc.
The orc is severely wounded.
The orc barely misses you.
You hit the orc but do no damage. Your bite misses the orc.
The orc is severely wounded.
The orc hits you with a +0 mace.
* * * LOW HITPOINT WARNING * * *
You hit the orc but do no damage.
The orc is severely wounded.
The orc closely misses you.
You hit the orc but do no damage. You bite the orc, but do no damage.
The orc is severely wounded.
You hit the orc.
The orc is almost dead.
The orc hits you with a +0 mace!
You die...

#... .# #..##(###
#### ###..#....
.... ..
......>#### #.##
.#.#####.?.......
... ........#<#
#.# .......gā€ .#
# # ..####o#...#
# #@#.....# #
#.#.#.#.# ..
#.#.#..... ....
#.#.....#.āˆ† ..
āˆ† #.### ### . #
#.. ###


You could see an orc and a goblin.

Vanquished Creatures
  2 adders
  A worm (D:2)
  A dart slug (D:1)
  2 leopard geckos
  A ball python (D:2)
  5 giant cockroaches
  5 goblins
  9 hobgoblins
  7 jackals
  A quokka (D:3)
  3 bats
  3 frilled lizards
  4 kobolds
  7 rats
51 creatures vanquished.

Notes
Turn   | Place    | Note
-------+----------+-------------------------------------------
     0 | D:1      | leafyfresh the Gnoll Hedge Wizard began the quest for the
                  | Orb.
     0 | D:1      | Reached XP level 1. HP: 13/13 MP: 8/8
   105 | D:1      | Reached XP level 2. HP: 7/19 MP: 2/10
  1306 | D:1      | Reached XP level 3. HP: 25/25 MP: 11/11
  1917 | D:2      | Reached skill level 1 in Invocations
  2389 | D:2      | Reached skill level 1 in Fighting
  2389 | D:2      | Reached skill level 1 in Short Blades
  2389 | D:2      | Reached skill level 1 in Long Blades
  2389 | D:2      | Reached skill level 1 in Axes
  2389 | D:2      | Reached skill level 1 in Maces & Flails
  2389 | D:2      | Reached skill level 1 in Polearms
  2389 | D:2      | Reached skill level 1 in Staves
  2389 | D:2      | Reached skill level 1 in Slings
  2389 | D:2      | Reached skill level 1 in Bows
  2389 | D:2      | Reached skill level 1 in Crossbows
  2389 | D:2      | Reached skill level 1 in Throwing
  2389 | D:2      | Reached skill level 1 in Armour
  2389 | D:2      | Reached skill level 1 in Shields
  2389 | D:2      | Reached skill level 1 in Unarmed Combat
  2389 | D:2      | Reached skill level 1 in Evocations
  2744 | D:2      | Reached XP level 4. HP: 32/32 MP: 13/13
  3381 | D:3      | Noticed Robin
  3712 | D:3      | Slain by an orc

Illustrated notes

Levels and vault maps discovered:
D:1:      lemuel_arrival_room, layout_basic, minivault_5
D:2:      layout_basic
D:3:      layout_basic, hangedman_decor_push, uniq_robin

Skill      XL: |  1  2  3 |
---------------+----------+-----
Conjurations   | 2 |  2.2
Summonings     | 2 |  2.2
Translocations | 2 |  2.2
Invocations    | 1 |  1.2
Fighting       | 1 |  1.1
Short Blades   | 1 |  1.1
Long Blades    | 1 |  1.1
Axes           | 1 |  1.1
Maces & Flails | 1 |  1.1
Polearms       | 1 |  1.1
Staves         | 1 |  1.1
Slings         | 1 |  1.1
Bows           | 1 |  1.1
Crossbows      | 1 |  1.1
Throwing       | 1 |  1.1
Armour         | 1 |  1.1
Shields        | 1 |  1.1
Unarmed Combat | 1 |  1.1
Evocations     | 1 |  1.1
Dodging        | |  4.6
Stealth        | |  4.2
Spellcasting   | |  7.2
Hexes          | |  0.9
Necromancy     | |  0.9
Transmutations | |  0.9
Fire Magic     | |  0.9
Ice Magic      | |  0.9
Air Magic      | |  0.9
Earth Magic    | |  0.9
Poison Magic   | |  0.9

Action                   |  1- 3 |  4- 6 || total
-------------------------+-------+-------++-------
Melee: Dagger            |   102 |    43 ||   145
       Bite              |     2 |     7 ||     9
 Cast: Magic Dart        |    44 |    23 ||    67
  Use: Scroll            |     3 |       ||     3
       Potion            |       |     1 ||     1
 Stab: Sleeping          |     8 |       ||     8
Armor: Robe              |    15 |    10 ||    25
Dodge: Dodged            |   102 |    50 ||   152
